 Seeded DCSS version 0.30-a0-49-g1cef19eb02 (webtiles) character file.

Game seed: 17246712331252751712 (custom seed)

1458 wilfster70 the Magician (level 9, -8/65 HPs)
             Began as a Djinni Conjurer on Sept 2, 2022.
             Was a Follower of Makhleb.
             Shot with a bolt by an orc warrior (18 damage)
             ... on level 6 of the Dungeon.
             The game lasted 00:14:26 (4669 turns).

wilfster70 the Magician (Djinni Conjurer)           Turns: 4669, Time: 00:14:26

Health: -8/65      AC:  6    Str:  9    XL:     9   Next: 5%
Gold:   230        EV: 12    Int: 24    God:    Makhleb [*.....] SH:  0 Dex: 12

rFire   + . .      SeeInvis .    a - +7 longbow "Acvuxt" {vorpal, rCorr Str+3}
rCold   . . .      Faith    .    (shield currently unavailable)
rNeg    . . .      Spirit   .    c - +0 robe
rPois   ∞          Reflect  .    E - +1 hat
rElec   .          Harm     .    (no cloak)
rCorr   +          Rampage  .    y - +2 pair of gloves {hurl}
Will    .....                    (boots unavailable)
Stlth   ++........               (no amulet)
HPRegen 0.20/turn                k - ring of ice
MPRegen 0.00/turn                (no ring)

@: flying, invisible
A: sickness immunity, fire resistance 2, cold vulnerability 1, float, innate
caster, HP casting, extra vitality 1
a: Renounce Religion


You were on level 6 of the Dungeon.
You worshipped Makhleb.
Makhleb was aware of your devotion.
You visited 1 branch of the dungeon, and saw 6 of its levels.
You also visited: Sewer.

You collected 230 gold pieces.

Inventory:

Hand Weapons
 a - the +7 longbow "Acvuxt" (weapon) {vorpal, rCorr Str+3}
   (You acquired it on level 1 of the Dungeon)

   Any ammunition fired from it inflicts extra damage upon your enemies.
   Str:       It affects your strength (+3).
   rCorr:     It protects you from acid and corrosion.
 b - a +2 dagger of venom
 C - a +2 sling of flaming
Armour
 c - a +0 robe (worn)
 n - the +2 buckler of Insurance {*Corrode +Inv rN+}
   (You acquired it on level 1 of the Dungeon)

   rN:        It protects you from negative energy.
   +Inv:      It lets you turn invisible.
   *Corrode:  It may corrode you when you take damage.
 y - a +2 pair of gloves of hurling (worn)
 E - a +1 hat (worn)
Jewellery
 k - a ring of ice (left hand)
Wands
 o - a wand of mindburst (3)
 A - a wand of paralysis (7)
Scrolls
 e - a scroll of blinking {unknown}
 f - a scroll of teleportation
 g - 4 scrolls of fog
 h - a scroll of silence {unknown}
 i - 2 scrolls of amnesia {unknown}
 j - 2 scrolls of poison {unknown}
 u - a scroll of enchant armour {unknown}
 w - 2 scrolls of magic mapping {unknown}
 x - 2 scrolls of summoning
Potions
 d - 7 potions of curing
 l - 3 potions of lignification
 m - a potion of cancellation
 q - a potion of magic {unknown}
 s - a potion of invisibility
 v - 2 potions of heal wounds
 z - a potion of resistance {unknown}
 D - a potion of mutation {unknown}
 F - a potion of might {unknown}


   Skills:
 - Level 5.2 Fighting
 + Level 5.0 Ranged Weapons
 - Level 2.1 Dodging
 - Level 1.5 Stealth
 - Level 0.3 Shields
 - Level 6.0 Spellcasting


You couldn't memorise any spells.
You knew the following spells:

 Your Spells              Type           Power      Damage    Failure   Level
a - Magic Dart            Conj           100%       1d8       1%          1
b - Searing Ray           Conj           72%        2d7       1%          2
c - Dazzling Flash        Conj/Hex       72%        N/A       1%          3
d - Fulminant Prism       Conj/Hex       18%        3d11      7%          4
e - Iskenderun's Mystic   Conj/Tloc      36%        2d9       7%          4
f - Shock                 Conj/Air       100%       1d9       1%          1
g - Wereblood             Tmut           36%        N/A       1%          2
h - Conjure Flame         Conj/Fire      36%        6-21      1%          3
i - Animate Armour        Summ/Erth      72%        N/A       7%          4
Your spell library was empty.

Dungeon Overview and Level Annotations

Branches:
Dungeon (6/15)              Sewer (visited)
 Temple: D:4-7

Altars:
Dithmenos
Gozag
Makhleb
Nemelex Xobeh
Ru
Trog
Wu Jian


Innate Abilities, Weirdness & Mutations

You are immune to sickness and miasma.
You are immune to poison.
Your flesh is very heat resistant. (rF++)
You are vulnerable to cold. (rC-)
You float through the air rather than walking.
You learn spells naturally, not from books.
Your magical power is your life essence.
You have superior vitality. (+4 MHP)


Message History

The iguana moves out of view.
You shoot an arrow. The orc shouts!
The arrow hits the orc.
The orc is almost dead.
You hear a shout!
An orc warrior comes into view. It is wielding a +0 scimitar.
You shoot an arrow. The arrow barely misses the iguana.
The orc warrior shouts!
You shoot an arrow. The arrow hits the orc warrior.
The orc warrior is lightly wounded.
The orc warrior unwields a +0 scimitar.
The orc warrior wields a +0 arbalest.
The orc warrior shoots a bolt.
The bolt hits you! The iguana misses you.
You shoot an arrow. The arrow hits the iguana!
The iguana is heavily wounded.
The iguana bites you!
You shoot an arrow. The arrow hits the iguana.
The iguana is almost dead.
The iguana barely misses you. The iguana misses you.
You shoot an arrow. The arrow hits the iguana.
You kill the iguana!
Makhleb accepts your kill.
An orc comes into view. It is wielding a +0 flail.
Your Ranged Weapons skill increases to level 5!
You shoot an arrow. The arrow hits the orc!
You kill the orc!
Makhleb accepts your kill.
You feel better.
The orc warrior shoots a bolt.
The bolt hits you!
The orc warrior shoots a bolt.
The bolt hits you!
* * * LOW HITPOINT WARNING * * *
The orc warrior shoots a bolt.
The bolt hits you!
* * * LOW HITPOINT WARNING * * *
You feel much better.
The orc warrior shoots a bolt.
The bolt hits you!
You fade into invisibility!
The orc warrior shoots a bolt.
The bolt closely misses you.
The orc warrior shoots a bolt.
The bolt hits you!
* * * LOW HITPOINT WARNING * * *
The orc warrior shoots a bolt.
The bolt hits you!!
You die...

.....#####.#....#
.....# ##.####.# #.
###### #.....#.# .#
##### ###..#.##.# .#
....# #........<# .#
###.# #.#)......# .#
#.# #.#.#......... .#
#.###.#.#############o#
#.....#[......@.....oo#
#######################


You could see an orc warrior (unable to see you) and 2 orcs.

Vanquished Creatures
  3 black bears
  3 kobold brigands (Sewer)
  2 necrophages (D:5)
  A scorpion (D:5)
  4 hounds
  2 orc priests
  A gnoll bouda (D:5)
  4 iguanas
  6 orc wizards
  9 gnolls
  11 adders
  3 river rats
  An ufetubus (D:5)
  3 worms
  4 dart slugs
  16 orcs
  6 ball pythons
  4 bats
  6 endoplasms
  8 giant cockroaches
  5 goblins
  5 hobgoblins
  3 quokkas
  A frilled lizard (D:2)
  11 kobolds
  5 rats
127 creatures vanquished.

Notes
Turn   | Place    | Note
-------+----------+-------------------------------------------
     0 | D:1      | wilfster70 the Djinni Conjurer began the quest for the Orb.
     0 | D:1      | wilfster70 set off with the following spells memorised:
                  | Magic Dart, Searing Ray, Dazzling Flash, Fulminant Prism,
                  | Iskenderun's Mystic Blast.
     0 | D:1      | Reached XP level 1. HP: 15/15 MP: 0/0
   215 | D:1      | Identified a scroll of acquirement
   215 | D:1      | Acquired the +2 buckler of Insurance {*Corrode +Inv rN+}
   366 | D:1      | Reached XP level 2. HP: 20/21 MP: 0/0
   373 | D:1      | Acquired the +7 longbow "Acvuxt" {vorpal, rCorr Str+3}
   686 | D:1      | Reached XP level 3. HP: 26/26 MP: 0/0
   686 | D:1      | Learned a level 1 spell: Shock
  1024 | D:2      | Found a faded altar of an unknown god.
  1340 | D:3      | Reached skill level 1 in Fighting
  1340 | D:3      | Reached skill level 1 in Ranged Weapons
  1345 | D:3      | Reached XP level 4. HP: 22/32 MP: 0/0
  1346 | D:3      | Reached skill level 4 in Spellcasting
  1488 | D:3      | Found a glowing drain.
  1503 | D:3      | Reached XP level 5. HP: 14/38 MP: 0/0
  1503 | D:3      | Learned a level 2 spell: Wereblood
  1543 | Sewer    | Entered a sewer
  1784 | Sewer    | Noticed a kobold brigand
  1795 | Sewer    | Killed a kobold brigand
  1796 | Sewer    | Reached XP level 6. HP: 43/43 MP: 0/0
  1893 | Sewer    | Acquired a +2 pair of gloves of hurling
  2024 | Sewer    | Reached skill level 5 in Spellcasting
  2024 | Sewer    | Reached XP level 7. HP: 50/50 MP: 0/0
  2024 | Sewer    | Learned a level 3 spell: Conjure Flame
  2214 | D:3      | Found a burning altar of Makhleb.
  2217 | D:3      | Became a worshipper of Makhleb the Destroyer
  2228 | D:3      | Found an opulent altar of Gozag.
  2664 | D:3      | Found an ornate altar of the Wu Jian Council.
  3104 | D:4      | Found a sacrificial altar of Ru.
  3259 | D:4      | Found a bloodstained altar of Trog.
  3362 | D:4      | Reached XP level 8. HP: 57/57 MP: 0/0
  3424 | D:5      | Entered Level 5 of the Dungeon
  3620 | D:5      | Found a shadowy altar of Dithmenos.
  3952 | D:5      | Reached * piety under Makhleb
  3956 | D:5      | Reached skill level 6 in Spellcasting
  4026 | D:5      | Found a sparkling altar of Nemelex Xobeh.
  4243 | D:5      | Reached skill level 5 in Fighting
  4576 | D:6      | Reached XP level 9. HP: 65/65 MP: 0/0
  4576 | D:6      | Learned a level 4 spell: Animate Armour
  4661 | D:6      | Reached skill level 5 in Ranged Weapons
  4669 | D:6      | Shot with a bolt by an orc warrior

Illustrated notes

Levels and vault maps discovered:
D:1:      evilmike_arrival_plus, layout_rooms
D:2:      minmay_evil_eye, layout_loops_ring, ebering_ecumenical_altar_box
D:3:      layout_basic, palyth_temple_overflow_mages, nzn_wu_jian_contemplation,
          amethyst_overflow_temple_binary, portal_sewer_entry_c
D:4:      layout_basic, trog_book, nicolae_ru_great_annihilating_truth
D:5:      layout_loops_ring, nicolae_dithmenos_the_darkroom,
          overflow_temple_1_default
D:6:      layout_basic

Skill      XL: |  1  2  3  4  5  6  7  8  9 |
---------------+----------------------------+-----
Fighting       | 1 2 3 5 |  5.2
Ranged Weapons | 1 2 3 4 5 |  5.0
Spellcasting   | 4 5 6 |  6.0
Dodging        | |  2.1
Stealth        | |  1.5
Shields        | |  0.3

Action                   |  1- 3 |  4- 6 |  7- 9 || total
-------------------------+-------+-------+-------++-------
Melee: Dagger            |       |       |     7 ||     7
       Longbow           |       |       |     2 ||     2
 Fire: Longbow           |    36 |    51 |   140 ||   227
 Cast: Magic Dart        |    13 |       |       ||    13
       Searing Ray       |     3 |     5 |     2 ||    10
  Use: Scroll            |     2 |     1 |    13 ||    16
       Potion            |       |     1 |     2 ||     3
 Stab: Sleeping          |       |       |     1 ||     1
Armor: Robe              |     1 |     3 |    34 ||    38
Dodge: Dodged            |    11 |    23 |    90 ||   124

Table legend: (Time is in decaauts)
 A = Elapsed time spent in this place.
 B = Non-inter-level travel time spent in this place.
 C = Inter-level travel time spent in this place.
 D = Time resting spent in this place.
 E = Time spent auto-exploring this place.
 F = Levels seen in this place.
 G = Mean time per level.
                   A        B        C        D        E       F      G
               +--------+--------+--------+--------+--------+-----+--------+
         Total |   4800 |   4711 |     89 |    926 |   1783 |   7 |  685.7 |
       Dungeon |   4213 |   4124 |     89 |    691 |   1729 |   6 |  702.2 |
         Sewer |    587 |    587 |      0 |    235 |     54 |   1 |  587.0 |
               +--------+--------+--------+--------+--------+-----+--------+

Top non-repeatable levels by time:
     D:5: 966 daAuts
     D:2: 800 daAuts
     D:1: 787 daAuts
     D:3: 766 daAuts
     D:4: 726 daAuts
   Sewer: 587 daAuts
     D:6: 166 daAuts
